 Dungeon Crawl Stone Soup version 0.30-a0-630-g881e3bac89 (webtiles) character file.

Game seed: 12573787842567522165

109 Caratheodory the Gusty (level 4, -2/29 HPs)
             Began as an Octopode Air Elementalist on Jan 13, 2023.
             Killed from afar by Ijyb (10 damage)
             ... with an iceblast
             ... on level 3 of the Dungeon.
             The game lasted 00:07:03 (2491 turns).

Caratheodory the Gusty (Octopode Air Elementalist)  Turns: 2491, Time: 00:07:04

Health: -2/29      AC:  2    Str: 13    XL:     4   Next: 89%
Magic:  4/8        EV: 13    Int: 19    God:
Gold:   209        SH:  0    Dex: 12    Spells: 7/8 levels left

rFire   . . .      SeeInvis .      - Unarmed
rCold   . . .      Faith    .    (no shield)
rNeg    + . .      Spirit   .    n - +1 hat
rPois   .          Reflect  .    t - amulet of regeneration
rElec   .          Harm     .    d - +6 ring of strength
rCorr   .          Rampage  .    r - ring of positive energy
Will    .....                    (no ring)
Stlth   +++                      (no ring)
HPRegen 1.04/turn                (no ring)
MPRegen 0.11/turn                (no ring)
                                 (no ring)
                                 (no ring)

@: no status effects
A: almost no armour, amphibious, 8 rings, camouflage 1, gelatinous body 1,
(nimble swimmer 1), tentacles
a: no special abilities


You were on level 3 of the Dungeon.
You visited 1 branch of the dungeon, and saw 3 of its levels.

You collected 209 gold pieces.

Inventory:

Missiles
 b - 6 poisoned darts
Armour
 n - a +1 hat (worn)
Jewellery
 d - a +6 ring of strength (left tentacle)
 r - a ring of positive energy (right tentacle)
 t - an amulet of regeneration (around mantle)
Wands
 o - a wand of flame (23)
Scrolls
 e - a scroll of amnesia {unknown}
 g - a scroll of blinking {unknown}
 j - a scroll of teleportation {unknown}
 l - 2 scrolls of noise {unknown}
 s - 3 scrolls of fog {unknown}
Potions
 a - a potion of magic
 c - a potion of invisibility {unknown}
 f - a potion of berserk rage {unknown}
 h - a potion of curing {unknown}
 i - a potion of mutation {unknown}
 k - 2 potions of lignification {unknown}
 m - a potion of might {unknown}
 p - a potion of haste {unknown}
 q - a potion of resistance {unknown}


   Skills:
 + Level 1.6 Fighting
 + Level 2.7 Dodging
 - Level 2.6 Stealth
 + Level 1.7 Unarmed Combat
 + Level 2.6 Spellcasting
 - Level 1.0 Conjurations
 + Level 3.5 Air Magic


You had 7 spell levels left.
You knew the following spells:

 Your Spells              Type           Power      Damage    Failure   Level
a - Shock                 Conj/Air       44%        1d5       6%          1

Your spell library contained the following spells:

 Spells                   Type           Power      Damage    Failure   Level
 Static Discharge         Conj/Air       22%        2-3/arc   10%         2
 Swiftness                Air            16%        N/A       11%         3
 Apportation              Tloc           4%         N/A       16%         1
 Necrotise                Necr           8%         1d4       16%         1
 Summon Small Mammal      Summ           8%         N/A       16%         1
 Airstrike                Air            8%         2d(2-18)  36%         4


Dungeon Overview and Level Annotations

Branches:
Dungeon (3/15)

Altars:

Annotations:
D:3 Ijyb


Innate Abilities, Weirdness & Mutations

You cannot wear most types of armour.
You are amphibious.
You can wear up to eight rings at the same time.
Your skin changes colour to match your surroundings (Stealth+).
Your rubbery body absorbs attacks. (AC +1, EV +1)
((You are camouflaged when in or above water. (Stealth+)))
You have tentacles for arms and can constrict up to eight enemies at once.


Message History

You start putting on your amulet.
You continue putting on your amulet of regeneration. x5
You finish putting on your amulet of regeneration.
The amulet throbs as it attunes itself to your uninjured body.
t - an amulet of regeneration (around mantle)
You now have 181 gold pieces (gained 12).
You now have 184 gold pieces (gained 3).
You now have 196 gold pieces (gained 12).
You now have 209 gold pieces (gained 13).
Ijyb is nearby!
Casting: Shock (safe; 6% risk of failure)
Confirm with . or Enter, or press ? or * to list all spells.
Aiming: Shock (safe; 6% risk of failure)
Press: ? - help, Shift-Dir - straight line, f - Ijyb
Aim: Ijyb, wielding a +0 dagger, wearing a +0 leather armour and carrying a wand of iceblast (6) (wandering, hasn't noticed you, 60% to hit)
The zap misses Ijyb.
Casting: Shock (safe; 6% risk of failure)
Confirm with . or Enter, or press ? or * to list all spells.
Aiming: Shock (safe; 6% risk of failure)
Press: ? - help, Shift-Dir - straight line, f/p - Ijyb
Aim: Ijyb, wielding a +0 dagger, wearing a +0 leather armour and carrying a wand of iceblast (6) (60% to hit)
The zap hits Ijyb but does no damage.
Ijyb zaps a wand.
The mass of ice explodes!
The iceblast engulfs you!
Casting: Shock (safe; 6% risk of failure)
Confirm with . or Enter, or press ? or * to list all spells.
Aiming: Shock (safe; 6% risk of failure)
Press: ? - help, Shift-Dir - straight line, f/p - Ijyb
Aim: Ijyb, wielding a +0 dagger, wearing a +0 leather armour and carrying a wand of iceblast (5) (60% to hit)
The zap misses Ijyb.
Ijyb screams, "Get away!"
Casting: Shock (safe; 6% risk of failure)
Confirm with . or Enter, or press ? or * to list all spells.
Aiming: Shock (safe; 6% risk of failure)
Press: ? - help, Shift-Dir - straight line, f/p - Ijyb
Aim: Ijyb, wielding a +0 dagger, wearing a +0 leather armour and carrying a wand of iceblast (5) (60% to hit)
The zap hits Ijyb but does no damage.
Ijyb zaps a wand.
The mass of ice explodes!
The iceblast engulfs you!
* * * LOW HITPOINT WARNING * * *
Ijyb zaps a wand.
The mass of ice explodes!
The iceblast engulfs you!
You die...

........##.#....#...####
#.# ........##......#####
#.......##........#####
#.......##.)...........
........##.#.......#####
.8#8.......#............
.#[#.......#.#.#.######
.8#8.......#.#.#.#
...........#+#.#@#+######
...............#......g..
...............#.........
...............#.........
...............#.........
....##.........#.........
#... #.........#.........
#.. #........##.#.######
## #...........#.#


You could see Ijyb.

Vanquished Creatures
  An iguana (D:2)
  2 gnolls (D:3)
  2 adders
  2 dart slugs (D:2)
  3 orcs (D:3)
  4 ball pythons
  2 endoplasms (D:1)
  5 giant cockroaches
  2 goblins (D:3)
  2 hobgoblins (D:2)
  2 quokkas (D:1)
  4 bats
  2 frilled lizards
  4 kobolds
  A rat (D:1)
38 creatures vanquished.

Notes
Turn   | Place    | Note
-------+----------+-------------------------------------------
     0 | D:1      | Caratheodory the Octopode Air Elementalist began the quest
                  | for the Orb.
     0 | D:1      | Reached XP level 1. HP: 11/11 MP: 3/3
   346 | D:1      | Reached XP level 2. HP: 18/18 MP: 0/5
   950 | D:2      | Reached skill level 1 in Fighting
   950 | D:2      | Reached skill level 1 in Unarmed Combat
   950 | D:2      | Reached XP level 3. HP: 23/23 MP: 1/6
  1351 | D:2      | Reached XP level 4. HP: 26/28 MP: 2/7
  2153 | D:3      | Noticed Ijyb
  2352 | D:3      | Found a faded altar of an unknown god.
  2491 | D:3      | Killed from afar by Ijyb

Illustrated notes

Levels and vault maps discovered:
D:1:      dpeg_arrival_signposts, layout_rooms
D:2:      layout_rooms
D:3:      layout_basic, hellmonk_ecumenical_altar_lost_god,
          chequers_serial_rivers_micro_e, minmay_statues_item, hex_medium,
          uniq_ijyb

Skill      XL: |  1  2 |
---------------+-------+-----
Fighting       | 1 |  1.6
Unarmed Combat | 1 |  1.7
Dodging        | |  2.7
Stealth        | |  2.6
Spellcasting   | |  2.6
Conjurations   | |  1.0
Air Magic      | |  3.5

Action                   |  1- 3 |  4- 6 || total
-------------------------+-------+-------++-------
Melee: Unarmed           |     7 |    16 ||    23
       Constrict         |     1 |     7 ||     8
       Tentacles         |     1 |     7 ||     8
       Punch             |       |     1 ||     1
 Cast: Shock             |    50 |    46 ||    96
Armor: Skin              |       |     2 ||     2
Dodge: Dodged            |     9 |    17 ||    26

Table legend: (Time is in decaauts)
 A = Elapsed time spent in this place.
 B = Non-inter-level travel time spent in this place.
 C = Inter-level travel time spent in this place.
 D = Time resting spent in this place.
 E = Time spent auto-exploring this place.
 F = Levels seen in this place.
 G = Mean time per level.
                   A        B        C        D        E       F      G
               +--------+--------+--------+--------+--------+-----+--------+
         Total |   2490 |   2423 |     67 |      0 |   2137 |   3 |  830.0 |
       Dungeon |   2490 |   2423 |     67 |      0 |   2137 |   3 |  830.0 |
               +--------+--------+--------+--------+--------+-----+--------+

Top non-repeatable levels by time:
     D:2: 903 daAuts
     D:3: 854 daAuts
     D:1: 732 daAuts
